Map: New Repugnancy LE

Players

ZaZen

  • Race: Protoss Protoss
  • League: Silver
  • Spawn Location: 7:00

LEONAR - Winner!

  • Race: Protoss Protoss
  • League: Silver
  • Spawn Location: 1:00

VOD

Have the link to the VOD?

Description

Time

  • Played on: May 18, 2019, 5:41 p.m.
  • Length: 8:44
Show
View Real Time Build Order
Export as new Build Order

ZaZen Protoss 

Build Orders:  

Get SALT Encoding   

  12  0:02  Probe  
  13  0:14  Probe  
  14  0:22  Pylon  
  14  0:26  Probe  
  15  0:41  Gateway  
  15  0:46  Probe  
  15  0:47  Assimilator  
  16  0:57  Assimilator  
  16  1:30  Cybernetics Core  
  16  1:35  Probe  
  16  1:39  Pylon  
  17  1:44  Pylon  
  17  1:47  Warp Gate  
  17  2:06  Gateway  
  17  2:08  Adept  
  19  2:15  Robotics Facility  
  19  2:27  Shield Battery  
  19  2:37  Probe  
  20  2:44  Adept  
  20  2:49  Probe  
  23  2:54  Immortal  
  27  3:35  Warp Prism  
  27  3:37  Stalker  
  27  3:39  Probe  
  32  3:52  Stalker  
  34  4:01  Probe  
  35  4:12  Stalker  
  35  4:13  Probe  
  38  4:43  Pylon  
  38  4:57  Immortal  
  37  5:21  Stalker x2  
  41  5:30  Immortal  
  39  5:57  Stalker x2  
  35  6:32  Stalker x2  
  33  6:46  Observer  
  34  7:05  Stalker  
  34  7:06  Stalker  
  38  7:29  Nexus  
  38  7:34  Pylon  
  38  8:12  Forge  
  38  8:20  Pylon  
Show
View Real Time Build Order
Export as new Build Order

LEONAR Protoss - Winner!

Build Orders: Dark Templar Rush 

Get SALT Encoding   

  12  0:04  Probe  
  13  0:17  Pylon  
  13  0:23  Assimilator  
  13  0:25  Probe  
  14  0:40  Gateway  
  14  0:45  Probe  
  15  0:57  Probe  
  16  1:07  Gateway  
  16  1:16  Probe  
  17  1:22  Assimilator  
  17  1:28  Probe  
  17  1:32  Pylon  
  18  1:38  Cybernetics Core  
  18  1:43  Probe  
  19  1:51  Probe  
  19  1:55  Warp Gate  
  19  1:59  Probe  
  21  2:21  Stalker x2  
  25  2:43  Gateway  
  25  2:45  Gateway  
  25  2:56  Twilight Council  
  25  3:11  Stalker  
  25  3:12  Stalker  
  29  3:22  Pylon  
  29  3:33  Pylon  
  29  3:43  Dark Shrine  
  29  3:52  Stalker x2  
  33  3:55  Probe  
  34  4:04  Probe  
  35  4:13  Probe  
  36  4:32  Stalker x2  
  36  4:33  Stalker  
  42  4:51  Shield Battery  
  40  5:12  Stalker x2  
  40  5:13  Stalker  
  44  5:29  Gateway  
  44  5:39  Dark Templar x2  
  42  6:02  Dark Templar  
  40  6:16  Zealot x2  
  30  6:34  Dark Templar x2  
  34  7:19  Robotics Facility  
  34  7:27  Pylon  
  34  7:34  Nexus  
  34  7:37  Pylon  
  34  7:41  Stalker x2  
  38  8:11  Observer  
  39  8:14  Stalker  
  39  8:15  Stalker x3  
Tags
 
Add a new tag
Caveats
  • Supply blocks, unpowered buildings, or Contaminate may cause inaccurate times.
  • Supply counts are checked every 10 seconds.